AoeStats
← 文風

MegaRandom

506478063Analyzed
1v1 RM · 18d ago on Sep 13, 2026· 20m 58s· 2 players
Game mode
Random Map
Map size
Tiny (2 player)
Population
200
Speed
Normal
Resources
Standard
Victory
Conquest
Starting age
Dark Age
Ending age
Imperial Age
RankedLock teamsTeams togetherTeam positionsShared explorationLock speedFull tech treeHidden civsTurbo modeCheats
Victory
Defeat
🇭🇰 Spanish · Hong Kong SAR China
1431
+15
🇩🇪 Georgians · Germany
1409
-15
Pinut
9:43 Loom
12:09 Feudal Age
15:43 Castle Age
13:42 Horse Collar
15:15 Forging
16:29 Double-Bit Axe
16:46 Gold Mining
20:44 Bloodlines
20:37 Husbandry
文風
10:52 Feudal Age
10:02 Loom
12:02 Double-Bit Axe
14:42 Castle Age
12:54 Double-Bit Axe
15:43 Bow Saw
15:28 Gold Mining
16:51 Horse Collar
Connection lost

Rejoining the realm…

Still unreachable

The connection could not be restored.

Session expired

The server has moved on; the page needs a fresh start.